 Dungeon Sprint DCSS version 0.22.1-1-ga44c0e56f4 (webtiles) character file.

1405 MuseOD the Spear-Bearer (level 8, -1/74 HPs)
             Began as a Merfolk Berserker on Oct 7, 2018.
             Was an Elder of Trog.
             Slain by a polar bear (17 damage)
             ... in the Dungeon (Sprint II: "The Violet Keep of Menkaure").
             The game lasted 00:01:56 (582 turns).

MuseOD the Spear-Bearer (Merfolk Berserker)          Turns: 582, Time: 00:01:56

Health: -1/74      AC:  2    Str: 19    XL:     8   Next: 70%
Magic:  8/8        EV: 19    Int:  7    God:    Trog [****..]
Gold:   729        SH:  0    Dex: 13    Spells: 7/7 levels left

rFire    . . .     SeeInvis .   a - +0 spear
rCold    . . .     Gourm    .   (no shield)
rNeg     . . .     Faith    .   b - +0 animal skin
rPois    .         Spirit   .   (helmet restricted)
rElec    .         Reflect  .   (no cloak)
rCorr    .         Harm     .   (no gloves)
MR       .....     Rnd*Rage +   (no boots) Stlth +.........NoTele +
                                (no amulet)
HPRegen  0.22/turn              (no ring)
MPRegen  0.11/turn              (no ring)

@: no status effects
A: change form in water, swift swim, stealthy swim, horns 1, berserk 1, blurry
vision 1
a: Berserk, Trog's Hand, Brothers in Arms, Renounce Religion


You were in the Dungeon.
You worshipped Trog.
Trog was greatly pleased with you.
You were near starving.

You visited 1 branch You collected 729 gold pieces.

Inventory:

Hand Weapons
 a - a +0 spear (weapon)
Missiles
 j - 2 javelins of returning (quivered)
Armour
 b - a +0 animal skin (worn)
Scrolls
 i - a scroll of blinking
Potions
 f - a potion of haste
 g - 2 potions of magic
 h - a potion of berserk rage
Comestibles
 c - a ration


   Skills:
 + Level 10.8 Fighting
 + Level 13.5 Polearms
 + Level 7.4 Armour
 + Level 12.3 Dodging


You had 7 spell levels left.
You didn't know any spells.
Your spell library was empty.

Dungeon Overview and Level Annotations

Branches:
Dungeon (1/1)

Altars:
Cheibriados
Dithmenos
Elyvilon
Fedhas
Gozag
Kikubaaqudgha
Makhleb
Nemelex Xobeh
Okawaru
Ru
Sif Muna
Trog
Uskayaw
Vehumet
Wu Jian
Xom
Yredelemnul
Zin
The Shining One
Jiyva
Lugonu

Annotations:
D Roxanne


Innate Abilities, Weirdness & Mutations

You revert to your normal form in water.
You are very nimble and swift while swimming.
You are very stealthy in the water. (Stealth+)
You have a pair of small horns on your head.
You tend to lose your temper in combat.
Scrolls take you a little longer to read.


Message History

You are too injured to fight recklessly!
You hit the polar bear but do no damage.
You headbutt the polar bear, but do no damage.
The polar bear is almost dead.
The polar bear closely misses you. The polar bear claws you.
The polar bear barely misses you.
You hit the polar bear but do no damage.
Your headbutt misses the polar bear.
The polar bear is almost dead.
The polar bear bites you!!
* * * LOW HITPOINT WARNING * * *
The polar bear closely misses you. The polar bear misses you.
You feel better.
The polar bear completely misses you. x2
The polar bear claws you.
* * * LOW HITPOINT WARNING * * *
You hit the polar bear but do no damage.
You headbutt the polar bear.
The polar bear is almost dead.
The polar bear bites you!
You die...

.. ##.. #. .##.####
+.### ..# ...# ...####
.####..## #..##$#
###.##..# +..#..#
##..##..# #..#h.#
.'##.'..####..##@#
##..##....###..(##▓▓
###.##...§..≈≈≈≈≈≈≈≈≈≈≈
#####≈≈.....≈#+########
..#≈≈≈§≈≈≈§.≈#_._._...#
.##≈≈≈≈≈≈≈§§≈#._._._._#
##≈≈≈≈≈≈≈§≈≈≈#_._._._.#
≈≈≈≈≈≈≈≈≈§§≈≈#._._._._#
+++#≈≈≈§≈≈≈≈≈#.._._._.#


You could see a polar bear (berserk).

Vanquished Creatures
  A merfolk siren (D)
  A yaktaur (D)
  4 neqoxecs (D)
  4 worker ants (D)
10 creatures vanquished.

Vanquished Creatures (collateral kills)
  2 polar bears (D)
  A hornet (D)
3 creatures vanquished.

Vanquished Creatures (others)
  Menkaure (D)
  A crocodile (D)
2 creatures vanquished.

Grand Total: 15 creatures vanquished

Notes
Turn   | Place    | Note
-------+----------+-------------------------------------------
     0 | D        | MuseOD the Merfolk Berserker began the quest for the Orb.
     0 | D        | Reached XP level 1. HP: 18/18 MP: 1/1
     1 | D        | Noticed a worker ant
     1 | D        | Noticed a worker ant
     1 | D        | Noticed a worker ant
     1 | D        | Noticed a worker ant
     7 | D        | Killed a worker ant
     7 | D        | Reached skill level 5 in Polearms
     7 | D        | Reached XP level 2. HP: 26/26 MP: 2/2
     7 | D        | Reached XP level 3. HP: 31/31 MP: 3/3
    11 | D        | Reached skill level 5 in Fighting
    11 | D        | Reached skill level 6 in Polearms
    11 | D        | Reached skill level 5 in Dodging
    14 | D        | Reached ** piety under Trog
    14 | D        | Reached skill level 7 in Polearms
    14 | D        | Reached XP level 4. HP: 39/39 MP: 4/4
    25 | D        | Killed a crocodile
    29 | D        | Killed Menkaure
    67 | D        | Noticed a merfolk siren
    77 | D        | Killed a merfolk siren
    77 | D        | Reached skill level 11 in Polearms
    77 | D        | Reached skill level 5 in Armour
    77 | D        | Reached XP level 5. HP: 51/51 MP: 5/5
    77 | D        | Reached XP level 6. HP: 57/57 MP: 6/6
   135 | D        | Noticed a neqoxec
   135 | D        | Noticed a neqoxec
   138 | D        | Noticed a neqoxec
   141 | D        | Killed a neqoxec
   141 | D        | Reached *** piety under Trog
   141 | D        | Reached skill level 10 in Dodging
   141 | D        | Reached XP level 7. HP: 64/64 MP: 7/7
   141 | D        | Gained mutation: You have a pair of small horns on your
                  | head. [a neqoxec]
   144 | D        | Gained mutation: You tend to lose your temper in combat. [a
                  | neqoxec]
   145 | D        | Killed a neqoxec
   145 | D        | Reached skill level 12 in Polearms
   146 | D        | Gained mutation: Scrolls take you a little longer to read.
                  | [a neqoxec]
   152 | D        | Killed a neqoxec
   155 | D        | Noticed Roxanne
   156 | D        | Noticed a neqoxec
   188 | D        | Killed a neqoxec
   188 | D        | Reached **** piety under Trog
   188 | D        | Reached skill level 10 in Fighting
   188 | D        | Reached XP level 8. HP: 28/72 MP: 8/8
   210 | D        | HP: 2/72 [Roxanne/orb of energy (32)]
   533 | D        | Found an iron altar of Okawaru.
   533 | D        | Found an opulent altar of Gozag.
   534 | D        | Found a sparkling altar of Nemelex Xobeh.
   534 | D        | Found a blossoming altar of Fedhas.
   535 | D        | Found a radiant altar of Vehumet.
   535 | D        | Found a burning altar of Makhleb.
   535 | D        | Found a white marble altar of Elyvilon.
   536 | D        | Found a hide-covered altar of Uskayaw.
   536 | D        | Found a corrupted altar of Lugonu.
   536 | D        | Found a shadowy altar of Dithmenos.
   537 | D        | Found a glowing silver altar of Zin.
   537 | D        | Found a bloodstained altar of Trog.
   537 | D        | Found an ancient bone altar of Kikubaaqudgha.
   537 | D        | Found a snail-covered altar of Cheibriados.
   538 | D        | Found a basalt altar of Yredelemnul.
   538 | D        | Found a deep blue altar of Sif Muna.
   538 | D        | Found a viscous altar of Jiyva.
   539 | D        | Found a shimmering altar of Xom.
   539 | D        | Found a sacrificial altar of Ru.
   540 | D        | Found a glowing golden altar of the Shining One.
   540 | D        | Found an ornate altar of the Wu Jian Council.
   544 | D        | Noticed a yaktaur
   544 | D        | Noticed a hornet
   544 | D        | Noticed a polar bear
   544 | D        | Noticed a polar bear
   547 | D        | Killed a polar bear
   549 | D        | Killed a polar bear
   549 | D        | Reached skill level 13 in Polearms
   551 | D        | Killed a hornet
   551 | D        | Received a gift from Trog
   557 | D        | Killed a yaktaur
   559 | D        | Noticed a polar bear
   582 | D        | Slain by a polar bear

Skill      XL: |  1  2  3  4  5  6  7  8 |
---------------+-------------------------+-----
Fighting       | 4 5 8 9 10 | 10.8
Polearms       | 5 7 11 12 13 | 13.5
Armour         | 2 3 5 6 7 |  7.4
Dodging        | 4 5 9 10 11 12 | 12.3

Action                   |  1- 3 |  4- 6 |  7- 9 || total
-------------------------+-------+-------+-------++-------
Melee: Spear             |    12 |    19 |    60 ||    91
       Headbutt          |       |       |    10 ||    10
Invok: Berserk           |     1 |     2 |       ||     3
       Brothers in Arms  |       |       |     1 ||     1
  Use: Potion            |       |       |     2 ||     2
Armor: Animal skin       |     1 |     1 |     2 ||     4
Dodge: Dodged            |     5 |     4 |    34 ||    43
